[Event "Titled Tuesday Blitz August 16 Early 2022"]
[White "Pham, Khoi"]
[Black "Rostomyan, Mikayel"]
[WhiteFideId "1054988"]
[BlackFideId "13313754"]
[WhiteElo "2376"]
[BlackElo "1426"]
[Result "0-1"]
[Round "05"]
[TimeControl "180+2"]
[Date "2022.08.18"]
[WhiteClock "0:00:00"]
[BlackClock "0:00:00"]

1. e4 Nf6 2. Nc3 d5 3. e5 Ne4 4. d4 Nxc3 5. bxc3 Bf5 6. Nf3 e6 7. Be2 c5 8. O-O Nc6 9. Bg5 Be7 10. Bxe7 Qxe7 11. Qd2 O-O 12. Bd3 Bxd3 13. Qxd3 Rfc8 14. Qe3 cxd4 15. cxd4 Nb4 16. Qf4 Rxc2 17. a3 Nc6 18. Rfd1 Rc8 19. h4 Na5 20. h5 h6 21. Rd3 Qc7 22. Qg4 Rc1+ 23. Rxc1 Qxc1+ 24. Kh2 Qc2 25. Ne1 Qxf2 26. Rg3 g5 27. hxg6 f5 28. exf6 Qxf6 29. Nf3 Nc4 30. Ne5 Nxe5 31. dxe5 Qxe5 32. Qh4 Qg7 33. Rf3 Rf8 34. Rxf8+ Qxf8 35. Qg3 Kg7 36. Qc7+ Kxg6 37. Qxb7 Qd6+ 38. Kh3 e5 39. Qxa7 d4 40. Qa8 Qe6+ 41. Kh2 e4 42. Qf8 e3 43. Qf3 Qe5+ 44. Kh3 Qf5+ 45. Qg4+ Qxg4+ 46. Kxg4 e2 0-1


[Site "https://www.chess.com"]

[Event "Titled Tuesday Blitz August 16 Early 2022"]
[White "Pham, Le Thao Nguyen"]
[Black "Bharath Subramaniyam H"]
[WhiteFideId "12401226"]
[BlackFideId "46634827"]
[WhiteElo "2282"]
[BlackElo "2346"]
[Result "0-1"]
[Round "05"]
[TimeControl "180+2"]
[Date "2022.08.18"]
[WhiteClock "0:00:00"]
[BlackClock "0:00:00"]

1. d4 Nf6 2. Nf3 e6 3. Bg5 d5 4. e3 Be7 5. Nbd2 h6 6. Bh4 O-O 7. Bd3 Nbd7 8. O-O c5 9. c3 b6 10. Ne5 Nxe5 11. dxe5 Nd7 12. Bxe7 Qxe7 13. f4 Bb7 14. Qh5 f5 15. exf6 Nxf6 16. Qg6 e5 17. fxe5 Qxe5 18. Rae1 Qg5 19. Qxg5 hxg5 20. Nf3 g4 21. Ng5 Rae8 22. Bf5 Bc8 23. Bxc8 Rxc8 24. e4 d4 25. cxd4 cxd4 26. e5 Nd7 27. Rxf8+ Rxf8 28. e6 Nf6 29. Rd1 Rd8 30. Rd3 Rd5 31. h4 Kf8 32. Kf2 Ke7 33. Kg3 Kd6 34. Kf4 g6 35. g3 Rf5# 0-1


[Site "https://www.chess.com"]

[Event "Titled Tuesday Blitz August 16 Early 2022"]
[White "Piesik, Piotr"]
[Black "Shapiro, Daniel"]
[WhiteFideId "1136194"]
[BlackFideId "2001780"]
[WhiteElo "2221"]
[BlackElo "2284"]
[Result "1-0"]
[Round "05"]
[TimeControl "180+2"]
[Date "2022.08.18"]
[WhiteClock "0:00:00"]
[BlackClock "0:00:00"]

1. Nf3 c5 2. g3 Nf6 3. Bg2 d6 4. O-O Nc6 5. c3 g6 6. d4 cxd4 7. cxd4 d5 8. Nc3 Bg7 9. Ne5 e6 10. Nxc6 bxc6 11. b3 O-O 12. Ba3 Re8 13. Na4 Nd7 14. Rc1 Bb7 15. e3 Qa5 16. Qe1 Qc7 17. Qd2 Bf8 18. Bxf8 Rxf8 19. Rc3 Qd6 20. Rfc1 e5 21. Nc5 Bc8 22. e4 exd4 23. Qxd4 f5 24. exd5 Nb6 25. Rd1 Rd8 26. Rcd3 Nxd5 27. Bxd5+ cxd5 28. Qxd5+ Qxd5 29. Rxd5 Re8 30. Rd8 Kf7 31. Rxe8 Kxe8 32. b4 Ke7 33. f4 Rb8 34. a3 Rb5 35. Kf2 a5 36. Rd4 axb4 37. axb4 Be6 38. Ke3 Bf7 39. Kd3 Rb8 40. Kc3 Ra8 41. Rd7+ Ke8 42. Rd2 Ra3+ 43. Kd4 Ra1 44. Rb2 Kd8 45. b5 Rd1+ 46. Ke3 Rd6 47. b6 Bd5 48. b7 1-0


[Site "https://www.chess.com"]

[Event "Titled Tuesday Blitz August 16 Early 2022"]
[White "Pinheiro, Iung Alicio de O."]
[Black "Brozyna, Mateusz"]
[WhiteFideId "2104350"]
[BlackFideId "21816140"]
[WhiteElo "2283"]
[BlackElo "2030"]
[Result "1-0"]
[Round "05"]
[TimeControl "180+2"]
[Date "2022.08.18"]
[WhiteClock "0:00:00"]
[BlackClock "0:00:00"]

1. e4 e5 2. Bc4 Nf6 3. d3 c6 4. Nf3 Bd6 5. O-O Bc7 6. Bb3 h6 7. Nc3 O-O 8. d4 d6 9. h3 a5 10. a3 Na6 11. Re1 Re8 12. Be3 Qe7 13. Qd2 Be6 14. d5 cxd5 15. Bxd5 Rab8 16. Ba7 Ra8 17. Be3 Rab8 18. Ba7 Ra8 19. Bxe6 Rxa7 20. Bc4 Bb6 21. Rad1 Rd8 22. Nh4 Nc7 23. Nf5 Qf8 24. Qd3 Ne6 25. Qg3 Kh7 26. Bd3 g6 27. Ne3 Kg7 28. Ned5 Nxd5 29. Nxd5 Bd4 30. c3 Bc5 31. b4 axb4 32. axb4 Ra2 33. bxc5 Nxc5 34. Bc4 Rb2 35. Qf3 b5 36. Qf6+ Kh7 37. Bf1 Qg7 38. Qxd8 Ne6 39. Qf6 1-0


[Site "https://www.chess.com"]

[Event "Titled Tuesday Blitz August 16 Early 2022"]
[White "Pourkashiyan, Atousa"]
[Black "Barria Zuniga, Daniel"]
[WhiteFideId "12502014"]
[BlackFideId "3400816"]
[WhiteElo "2247"]
[BlackElo "2414"]
[Result "1/2-1/2"]
[Round "05"]
[TimeControl "180+2"]
[Date "2022.08.18"]
[WhiteClock "0:00:00"]
[BlackClock "0:00:00"]

1. e4 g6 2. d4 Bg7 3. Nf3 c5 4. c3 cxd4 5. cxd4 d5 6. e5 Nh6 7. Nc3 O-O 8. Bd3 Nc6 9. O-O Bg4 10. Be3 Nf5 11. Bxf5 Bxf5 12. Rc1 Qd7 13. h3 Rfd8 14. Qd2 Rac8 15. Bh6 f6 16. Bxg7 Kxg7 17. Rfe1 b6 18. Qf4 Be6 19. h4 Bg4 20. exf6+ exf6 21. Nxd5 Qxd5 22. Qxg4 h5 23. Qf4 Rd7 24. b3 Rcd8 25. Rcd1 Qf7 26. Re4 Nb4 27. Qe3 Nd5 28. Qe1 Rc8 29. Nd2 Rcc7 30. Rc1 Nc3 31. Re3 Nd5 32. Rxc7 Rxc7 33. Re8 b5 34. a4 a6 35. axb5 axb5 36. g3 Re7 37. Rxe7 Qxe7 38. Qxe7+ Nxe7 39. Ne4 Kf7 40. Nd6+ Ke6 41. Nxb5 Kd5 42. Kf1 Nf5 43. Ke2 Kc6 44. Na7+ Kb6 45. Nc8+ Kc7 46. Na7 Nxd4+ 47. Ke3 Nxb3 48. Nb5+ Kd7 49. Nd4 Nxd4 50. Kxd4 Ke6 51. Ke4 Kd6 52. f4 Ke7 53. Kd5 Kd7 54. Kd4 Ke6 55. Ke4 f5+ 56. Kd4 Kd6 57. Kc4 Kc6 58. Kd4 Kd6 59. Kc4 Kc6 60. Kd4 Kd6 1/2-1/2


[Site "https://www.chess.com"]

[Event "Titled Tuesday Blitz August 16 Early 2022"]
[White "Przybylski, Wojciech"]
[Black "Rostovtsev, Dmitry"]
[WhiteFideId "1117599"]
[BlackFideId "34278320"]
[WhiteElo "2133"]
[BlackElo "2295"]
[Result "0-1"]
[Round "05"]
[TimeControl "180+2"]
[Date "2022.08.18"]
[WhiteClock "0:00:00"]
[BlackClock "0:00:00"]

1. e4 c6 2. d4 d5 3. e5 Bf5 4. Nf3 e6 5. Be2 Nd7 6. O-O Nh6 7. Re1 Bg6 8. a4 c5 9. c3 Nf5 10. a5 a6 11. Nbd2 Rc8 12. Nf1 Be7 13. Ne3 Nxe3 14. fxe3 O-O 15. Rf1 Nb8 16. Bd3 Nc6 17. Bxg6 fxg6 18. Qa4 Qd7 19. Bd2 g5 20. h3 Rf5 21. Qc2 cxd4 22. exd4 Rxf3 23. gxf3 Nxd4 24. Qd3 Nf5 25. f4 gxf4 26. Bxf4 Bc5+ 27. Kh1 Rf8 28. b4 Ba7 29. c4 Bd4 30. Rad1 dxc4 31. Qxc4 Rc8 32. Qe2 Rc3 33. Qg2 Nh4 34. Qe4 Nf5 35. Rf3 Rxf3 36. Qxf3 Qb5 37. Rc1 h6 38. Bd2 Qxe5 39. Bf4 Qb5 40. Qe4 Kh7 41. Qxe6 Qd3 42. Kg2 Nh4+ 43. Kh2 Ng6 44. Qg4 Nxf4 45. Qxf4 Be3 46. Qc4 Qd2+ 47. Kg3 Qf2+ 48. Kg4 h5+ 0-1


[Site "https://www.chess.com"]

[Event "Titled Tuesday Blitz August 16 Early 2022"]
[White "Puranik, Abhimanyu"]
[Black "Taboas Rodriguez, Daniel"]
[WhiteFideId "5061245"]
[BlackFideId "2208466"]
[WhiteElo "2520"]
[BlackElo "2429"]
[Result "1-0"]
[Round "05"]
[TimeControl "180+1"]
[Date "2022.08.16"]
[WhiteClock "0:00:22"]
[BlackClock "0:00:04"]

1. e4 e5 2. Nf3 Nc6 3. Bb5 Nf6 4. d3 d6 5. c3 Bd7 6. Nbd2 g6 7. Nf1 Bg7 8. Bg5 O-O 9. Ne3 h6 10. Bh4 Qe8 11. O-O Nh5 12. Nd5 Rc8 13. Bxc6 bxc6 14. Ne7+ Kh7 15. Nxc8 Bxc8 16. Re1 f5 17. exf5 gxf5 18. h3 Qg6 19. Nh2 Rg8 20. Qf3 Nf4 21. Bg3 Nh5 22. Nf1 Bb7 23. d4 e4 24. Qe3 Bf6 25. Kh2 f4 26. Qxe4 fxg3+ 27. Nxg3 Nxg3 28. fxg3 Bc8 29. Qxg6+ Kxg6 30. Re3 h5 31. Rae1 Bd7 32. Rf1 Bd8 33. Re4 Bg5 34. b3 a5 35. Rf2 Bf5 36. Re1 Bd7 37. Rfe2 Kf7 38. Rf1+ Kg6 39. Rd1 Kf7 40. d5 c5 41. Rf1+ Kg6 42. Re4 Re8 43. Rxe8 Bxe8 44. Rf8 Bf7 45. c4 Bd2 46. Rc8 Bb4 47. Rxc7 Bc3 48. Rc6 Be5 49. Ra6 h4 50. Rxa5 hxg3+ 51. Kg1 Kf5 52. Ra8 Ke4 53. a4 Bg6 54. a5 Bf5 55. a6 Bd4+ 56. Kh1 Ke3 57. Re8+ Kf2 58. Rf8 1-0


[Site "https://www.chess.com"]

[Event "Titled Tuesday Blitz August 16 Early 2022"]
[White "Qashashvili, Alexandre"]
[Black "Ianov, Viktor"]
[WhiteFideId "13600842"]
[BlackFideId "14102730"]
[WhiteElo "2316"]
[BlackElo "2152"]
[Result "0-1"]
[Round "05"]
[TimeControl "180+2"]
[Date "2022.08.18"]
[WhiteClock "0:00:00"]
[BlackClock "0:00:00"]

1. e4 d6 2. Nc3 Nf6 3. Nf3 e5 4. Bc4 Be7 5. d3 O-O 6. a3 c6 7. h3 b5 8. Ba2 Nbd7 9. O-O Bb7 10. Nh2 a5 11. f4 b4 12. axb4 axb4 13. fxe5 dxe5 14. Ne2 Nc5 15. Bg5 h6 16. Bxf6 Bxf6 17. Ng4 Bg5 18. Nxe5 b3 19. Bxb3 Nxb3 20. Rxa8 Bxa8 21. cxb3 Qd6 22. Nf3 Be3+ 23. Kh1 c5 24. Nc3 Bc6 25. Qe2 Bf4 26. Nd5 Bxd5 27. exd5 Qxd5 28. Qe4 Qd6 29. Re1 Bg3 30. Rd1 Rb8 31. Nh4 Bxh4 32. Qxh4 Rxb3 33. Qf2 Qd4 34. Qxd4 cxd4 35. Rd2 f5 36. Kh2 Kf7 37. Kg3 g5 38. Kf3 Ke6 39. g4 Ke5 40. gxf5 Kxf5 41. Kg3 h5 42. Kf3 h4 43. Kg2 Kf4 44. Kf2 g4 45. hxg4 Kxg4 46. Kg2 h3+ 47. Kh2 Kh4 48. Kg1 Kg3 49. Kh1 Kf3 50. Kh2 Ke3 51. Rd1 Rxb2+ 52. Kxh3 Rd2 53. Re1+ Re2 54. Rd1 Rd2 55. Re1+ Kxd3 56. Kg3 Re2 57. Rd1+ Kc3 58. Kf3 Re7 59. Rc1+ Kd2 60. Rc8 d3 61. Rd8 Kc2 62. Rc8+ Kd1 63. Ra8 d2 64. Kf2 Rf7+ 65. Kg2 Rf4 66. Kg3 Rf5 67. Kg2 Ke2 68. Re8+ Kd3 69. Rd8+ Ke3 70. Rd7 Rf4 71. Re7+ Re4 72. Rd7 Rd4 73. Rxd4 Kxd4 74. Kf2 d1=Q 0-1


[Site "https://www.chess.com"]

[Event "Titled Tuesday Blitz August 16 Early 2022"]
[White "Quispe Santacruz, Javier"]
[Black "Cannon, David"]
[WhiteFideId "3800920"]
[BlackFideId "3213110"]
[WhiteElo "1929"]
[BlackElo "1901"]
[Result "0-1"]
[Round "05"]
[TimeControl "180+2"]
[Date "2022.08.18"]
[WhiteClock "0:00:00"]
[BlackClock "0:00:00"]

1. d4 d5 2. c4 e6 3. cxd5 exd5 4. Nc3 Nf6 5. Bg5 Be7 6. Qc2 O-O 7. e3 Nbd7 8. Bd3 c6 9. Nf3 Re8 10. O-O Nf8 11. Rab1 a5 12. a3 Ne6 13. Bh4 g6 14. Ne5 Ng7 15. b4 axb4 16. axb4 Bf5 17. b5 Rc8 18. bxc6 bxc6 19. Ba6 Bxc2 0-1


[Site "https://www.chess.com"]

[Event "Titled Tuesday Blitz August 16 Early 2022"]
[White "Ramirez Vido, Robert Yorisan"]
[Black "Kononenko, Dmitry"]
[WhiteFideId "3513823"]
[BlackFideId "14113538"]
[WhiteElo "2475"]
[BlackElo "2129"]
[Result "1/2-1/2"]
[Round "05"]
[TimeControl "180+1"]
[Date "2022.08.16"]
[WhiteClock "0:00:11"]
[BlackClock "0:01:31"]

1. f4 e5 2. fxe5 Nc6 3. Nf3 g5 4. d4 g4 5. Ng5 d5 6. exd6 Bxd6 7. Ne4 Nxd4 8. Nxd6+ Qxd6 9. c3 Nf5 10. Qxd6 Nxd6 11. Bf4 Bf5 12. Bxd6 cxd6 13. Nd2 Nf6 14. O-O-O O-O-O 15. Nc4 Kc7 16. e3 Rhe8 17. Bd3 Bxd3 18. Rxd3 Ne4 19. Rf1 Re7 20. Rf4 h5 21. Rd5 Rdd7 22. Rxh5 Nc5 23. Kd2 Ne4+ 24. Kc2 g3 25. hxg3 Nxg3 26. Rg5 Ne4 27. Rg7 f6 28. Rxe7 Rxe7 29. g4 d5 30. Nd2 Re6 31. Nxe4 dxe4 32. Rf5 Kd6 33. c4 b6 34. Kc3 Ke7 35. Kd4 Rd6+ 36. Kxe4 Rd2 37. g5 fxg5 38. Rxg5 Rxb2 39. Rg7+ Kd6 40. Rxa7 Rb4 41. Kd3 Kc5 42. Rc7+ Kd6 43. Ra7 Kc5 44. Rc7+ Kd6 45. Ra7 1/2-1/2


[Site "https://www.chess.com"]

[Event "Titled Tuesday Blitz August 16 Early 2022"]
[White "Rose, Felix"]
[Black "Kiseljova, Marya"]
[WhiteFideId "5105722"]
[BlackFideId "4155009"]
[WhiteElo "2039"]
[BlackElo "1697"]
[Result "0-1"]
[Round "05"]
[TimeControl "180+2"]
[Date "2022.08.18"]
[WhiteClock "0:00:00"]
[BlackClock "0:00:00"]

1. e4 c5 2. Nf3 Nc6 3. d4 cxd4 4. Nxd4 g6 5. c4 Bg7 6. Be3 Nf6 7. Nc3 O-O 8. Be2 d6 9. f3 Nxd4 10. Bxd4 Bd7 11. Qd2 a5 12. h4 h5 13. g4 hxg4 14. h5 e5 15. Be3 gxh5 16. Qxd6 Bc6 17. Qxe5 Nxe4 18. Qxh5 Nf6 0-1


[Site "https://www.chess.com"]

[Event "Titled Tuesday Blitz August 16 Early 2022"]
[White "Sailer, Mike"]
[Black "Mouhamad, Joachim"]
[WhiteFideId "2012901"]
[BlackFideId "656410"]
[WhiteElo "2109"]
[BlackElo "2147"]
[Result "0-1"]
[Round "05"]
[TimeControl "180+2"]
[Date "2022.08.18"]
[WhiteClock "0:00:00"]
[BlackClock "0:00:00"]

1. d4 Nf6 2. Nc3 d5 3. Bf4 c5 4. e4 dxe4 5. d5 a6 6. Qd2 g6 7. O-O-O Bg7 8. d6 e6 9. f3 exf3 10. Nxf3 O-O 11. h4 Nh5 12. Bg5 f6 13. Bh6 Bd7 14. Bxg7 Nxg7 15. h5 g5 16. Ne4 b6 17. Nfxg5 fxg5 18. Nxg5 Rf5 19. Ne4 Nc6 20. Bd3 Ne5 21. g4 Nxd3+ 22. Qxd3 Rf4 23. g5 Kh8 24. Nf6 Rxf6 25. gxf6 Qxf6 26. h6 Nf5 27. Rdg1 Rg8 28. Rxg8+ Kxg8 29. Rg1+ Kf7 30. Kb1 Qd4 31. Qf1 Qxd6 32. Rg7+ Ke8 33. Rxh7 Qe5 34. b3 b5 35. Qd1 Nd4 36. Qg1 Kd8 37. Qg7 Qd5 38. Qf8+ Kc7 39. Qe7 Qd6 0-1


[Site "https://www.chess.com"]

[Event "Titled Tuesday Blitz August 16 Early 2022"]
[White "Salman, Pavel"]
[Black "Borgaonkar Akshay"]
[WhiteFideId "24153753"]
[BlackFideId "25639110"]
[WhiteElo "2143"]
[BlackElo "1755"]
[Result "1-0"]
[Round "05"]
[TimeControl "180+2"]
[Date "2022.08.18"]
[WhiteClock "0:00:00"]
[BlackClock "0:00:00"]

1. Nf3 Nf6 2. g3 g6 3. Bg2 Bg7 4. O-O O-O 5. d3 d6 6. Nbd2 Nbd7 7. e4 e5 8. Re1 Re8 9. a4 a5 10. c3 c6 11. Nc4 Nc5 12. Bg5 Bg4 13. h3 Bxf3 14. Qxf3 h6 15. Bxf6 Qxf6 16. Qxf6 Bxf6 17. Nxd6 Red8 18. Nc4 Nxd3 19. Re2 Nc5 20. f4 exf4 21. gxf4 Nd3 22. Rf1 Be7 23. e5 Ra6 24. f5 b5 25. Nd2 Bc5+ 26. Kh2 Nxe5 27. Ne4 Bf8 28. fxg6 Nxg6 29. Ref2 Ra7 30. Nf6+ Kh8 31. Bxc6 Bd6+ 32. Kh1 Re7 33. Bxb5 Re3 34. Rf3 Rxf3 35. Rxf3 Be5 36. Nd7 Rg8 37. Rxf7 Bd6 38. Nf6 Rg7 39. Rxg7 Kxg7 40. Ne4 Be5 41. b4 axb4 42. cxb4 Bf4 43. a5 Ne5 44. a6 Nd3 45. Bxd3 1-0


[Site "https://www.chess.com"]

[Event "Titled Tuesday Blitz August 16 Early 2022"]
[White "Samadov, Read"]
[Black "Subelj, Jan"]
[WhiteFideId "13417444"]
[BlackFideId "14618583"]
[WhiteElo "2084"]
[BlackElo "2331"]
[Result "0-1"]
[Round "05"]
[TimeControl "180+1"]
[Date "2022.08.16"]
[WhiteClock "0:00:05"]
[BlackClock "0:00:11"]

1. d4 d5 2. c4 c6 3. Nf3 Nf6 4. Nc3 e6 5. e3 Nbd7 6. Qc2 Bd6 7. b3 O-O 8. Be2 b6 9. O-O Bb7 10. Bb2 Qe7 11. Rad1 Rad8 12. Rfe1 Rfe8 13. Bf1 e5 14. cxd5 e4 15. dxc6 exf3 16. cxd7 Bxh2+ 17. Kxh2 Qd6+ 18. g3 Ng4+ 19. Kh3 Qxd7 20. Kh4 Re6 21. Qf5 Bc8 22. e4 Nh6 23. Qxf3 Qe7+ 24. Kh3 Rf6+ 25. Kg2 Rxf3 26. Kxf3 Bg4+ 27. Kg2 Bxd1 28. Rxd1 Ng4 29. Be2 Nf6 30. Bf3 g5 31. e5 g4 32. Bc6 Qe6 33. Bb7 Qd7 34. Be4 Nxe4 35. Nxe4 Qc6 36. d5 Rxd5 37. Rc1 Rc5 38. Re1 Rc2 39. Bd4 Rd2 40. Bc3 Rc2 41. Bd4 Rc1 42. Re2 Qb5 43. Nf6+ Kf8 44. Be3 Qxe2 45. Bxc1 Qxa2 46. Bh6+ Ke7 47. Nxg4 Qxb3 48. Bg5+ Ke6 49. Ne3 Kxe5 50. f4+ Ke4 0-1


[Site "https://www.chess.com"]

[Event "Titled Tuesday Blitz August 16 Early 2022"]
[White "Santeramo, Alessia Carmen"]
[Black "Turzo, Attila"]
[WhiteFideId "850810"]
[BlackFideId "704954"]
[WhiteElo "2041"]
[BlackElo "2298"]
[Result "0-1"]
[Round "05"]
[TimeControl "180+2"]
[Date "2022.08.18"]
[WhiteClock "0:00:00"]
[BlackClock "0:00:00"]

1. e4 e5 2. Nf3 Nc6 3. Bb5 a6 4. Ba4 Nf6 5. O-O Be7 6. Re1 b5 7. Bb3 O-O 8. d4 d6 9. c3 Bg4 10. d5 Na5 11. Bc2 c6 12. h3 Bh5 13. dxc6 Nxc6 14. Nbd2 Qc7 15. Nf1 Rad8 16. Ng3 Bg6 17. Nh4 d5 18. Nxg6 hxg6 19. Qf3 d4 20. Bb3 Na5 21. cxd4 Rxd4 22. Be3 Rd3 23. Rac1 Qb7 24. Bc2 Rd7 25. Ne2 Nc4 26. Rb1 Nd2 27. Bxd2 Rxd2 28. Bb3 Qxe4 29. Qxe4 Nxe4 30. a4 Bc5 31. Kh1 Bxf2 32. Rf1 Rxe2 33. Bd5 Ng3+ 34. Kh2 Nxf1+ 35. Rxf1 Rxb2 0-1


[Site "https://www.chess.com"]

[Event "Titled Tuesday Blitz August 16 Early 2022"]
[White "Sargissyan, Sargis"]
[Black "Turayev, Shahruh"]
[WhiteFideId "13303210"]
[BlackFideId "14003856"]
[WhiteElo "2102"]
[BlackElo "2217"]
[Result "1-0"]
[Round "05"]
[TimeControl "180+2"]
[Date "2022.08.18"]
[WhiteClock "0:00:00"]
[BlackClock "0:00:00"]

1. e4 e6 2. d4 d5 3. Nc3 Bb4 4. e5 Ne7 5. a3 Bxc3+ 6. bxc3 c5 7. Qg4 cxd4 8. Bd3 Qa5 9. Rb1 O-O 10. Nf3 Ng6 11. O-O Nd7 12. cxd4 b6 13. h4 f5 14. Qg3 Ba6 15. Bd2 Qa4 16. h5 Nh8 17. Bb4 Rfe8 18. Bxa6 Qxa6 19. h6 g6 20. Ng5 Nf7 21. c4 Qxc4 22. Rfc1 Qa2 23. Nxf7 Kxf7 24. Ra1 Qb2 25. Bc3 Qe2 26. Bb4 Qg4 27. Rc7 Red8 28. Qc3 g5 29. Qc6 Ke8 30. Qxe6# 1-0


[Site "https://www.chess.com"]

[Event "Titled Tuesday Blitz August 16 Early 2022"]
[White "Schut, Han"]
[Black "Estrada Nieto, Julian"]
[WhiteFideId "1005561"]
[BlackFideId "5101018"]
[WhiteElo "2024"]
[BlackElo "2252"]
[Result "0-1"]
[Round "05"]
[TimeControl "180+2"]
[Date "2022.08.18"]
[WhiteClock "0:00:00"]
[BlackClock "0:00:00"]

1. e4 e5 2. Nf3 Nc6 3. Bc4 Bc5 4. c3 Nf6 5. d4 exd4 6. b4 Bb6 7. e5 d5 8. exf6 dxc4 9. Qe2+ Be6 10. b5 Na5 11. fxg7 Rg8 12. Nxd4 Bxd4 13. cxd4 Rxg7 14. Bb2 Qd5 15. Nc3 Qxg2 16. O-O-O O-O-O 17. h3 Qg5+ 18. Kb1 Bf5+ 19. Ka1 Bd3 20. Qe3 Qxe3 21. fxe3 c6 22. Rhe1 cxb5 23. Nxb5 a6 24. d5 Rg2 25. Nc3 b5 26. a3 Nb3+ 27. Ka2 Bc2 28. e4 Bxd1 29. Rxd1 f6 30. Re1 Rf2 31. Ne2 Rg8 32. Nc1 Rgg2 0-1


[Site "https://www.chess.com"]

[Event "Titled Tuesday Blitz August 16 Early 2022"]
[White "Sharapov, Evgeny"]
[Black "Sanchez, Robert"]
[WhiteFideId "14103133"]
[BlackFideId "2034360"]
[WhiteElo "2367"]
[BlackElo "1966"]
[Result "1-0"]
[Round "05"]
[TimeControl "180+2"]
[Date "2022.08.18"]
[WhiteClock "0:00:00"]
[BlackClock "0:00:00"]

1. e4 e6 2. d4 d5 3. Nc3 Nf6 4. e5 Ne4 5. Nxe4 dxe4 6. Bc4 a6 7. Be3 b5 8. Bb3 Bb7 9. Ne2 Nd7 10. O-O c5 11. c3 cxd4 12. cxd4 Nb6 13. Nc3 Nc4 14. Bxc4 bxc4 15. Qa4+ Qd7 16. Qxc4 Rc8 17. Qb3 Be7 18. Rfd1 O-O 19. d5 exd5 20. Nxd5 Bxd5 21. Qxd5 Qg4 22. Qd7 Qxd7 23. Rxd7 Rfe8 24. Rad1 Rc2 25. Rb7 h6 26. h3 Bg5 27. Bxg5 hxg5 28. Rdd7 Rxe5 29. Rxf7 Rxb2 30. Rxg7+ Kf8 31. Rxg5 Rxg5 32. Rxb2 1-0


[Site "https://www.chess.com"]

[Event "Titled Tuesday Blitz August 16 Early 2022"]
[White "Shashikant, Kutwal"]
[Black "Kambrath, Yannick"]
[WhiteFideId "5006520"]
[BlackFideId "20632525"]
[WhiteElo "2321"]
[BlackElo "2236"]
[Result "0-1"]
[Round "05"]
[TimeControl "180+2"]
[Date "2022.08.18"]
[WhiteClock "0:00:00"]
[BlackClock "0:00:00"]

1. e4 c5 2. Nf3 e6 3. d4 cxd4 4. Nxd4 Nf6 5. Nc3 Nc6 6. g3 Bb4 7. Bg2 d5 8. O-O Bxc3 9. bxc3 Nxe4 10. Bxe4 dxe4 11. Ba3 Nxd4 12. cxd4 Qa5 13. Bd6 Qd5 14. Ba3 Qa5 15. Bd6 Qd5 16. Ba3 Bd7 17. Qg4 Bc6 18. c4 Qxd4 19. Rad1 Qf6 20. Qh5 g5 21. Qe2 Qf3 22. Qb2 f6 23. Rd6 Kf7 24. Rxc6 bxc6 25. Qb7+ Kg6 26. Qxc6 Qxa3 27. Qxe6 Rhe8 28. Qd7 Re7 29. Qd5 Rae8 30. Rb1 e3 31. Rb5 exf2+ 32. Kg2 Qxa2 33. Kf1 Re1+ 0-1


[Site "https://www.chess.com"]

[Event "Titled Tuesday Blitz August 16 Early 2022"]
[White "Shimanov, Aleksandr"]
[Black "Bashirli, Nail"]
[WhiteFideId "4198603"]
[BlackFideId "13406809"]
[WhiteElo "2605"]
[BlackElo "2333"]
[Result "1-0"]
[Round "05"]
[TimeControl "180+1"]
[Date "2022.08.16"]
[WhiteClock "0:00:36"]
[BlackClock "0:00:17"]

1. e4 c5 2. Nf3 d6 3. d4 cxd4 4. Qxd4 a6 5. Nc3 Nc6 6. Qe3 g6 7. Bd2 Bg7 8. O-O-O Nf6 9. Nd5 O-O 10. Bc3 Ng4 11. Qe1 Bxc3 12. Nxc3 Qa5 13. h3 Nge5 14. Nxe5 dxe5 15. Bc4 b5 16. Bb3 Nd4 17. Kb1 Be6 18. Nd5 Qd8 19. f4 Nxb3 20. axb3 exf4 21. Nxf4 Qc8 22. Qh4 Ra7 23. Rd2 a5 24. Qf2 Ra6 25. Rhd1 a4 26. b4 a3 27. Qc5 Rc6 28. Qe5 axb2 29. Kxb2 Rc4 30. c3 Qa8 31. Nxe6 fxe6 32. Qxe6+ Kh8 33. Qd5 Qc8 34. Qxb5 e6 35. Qe5+ Kg8 36. Rd7 Rf2+ 37. Kb3 Rxb4+ 38. Kxb4 1-0


[Site "https://www.chess.com"]

[Event "Titled Tuesday Blitz August 16 Early 2022"]
[White "Shukhman, Anna"]
[Black "Tifferet, Shaked"]
[WhiteFideId "54180058"]
[BlackFideId "2811529"]
[WhiteElo "1726"]
[BlackElo "2083"]
[Result "0-1"]
[Round "05"]
[TimeControl "180+2"]
[Date "2022.08.18"]
[WhiteClock "0:00:00"]
[BlackClock "0:00:00"]

1. e4 c5 2. Nf3 d6 3. d4 cxd4 4. Nxd4 Nf6 5. Nc3 e5 6. Nf5 Nxe4 7. Nxg7+ Bxg7 8. Nxe4 d5 9. Bb5+ Nc6 10. Nc3 d4 11. Bxc6+ bxc6 12. Ne4 Qd5 13. Qf3 f5 14. Qh5+ Kf8 15. Ng5 h6 16. Nf3 Be6 17. Nh4 Kg8 18. O-O Rh7 19. Nxf5 Qc5 20. Nxg7 Kxg7 21. Bf4 Kf6 22. Rfe1 Rg8 23. Bxe5+ Ke7 24. Bf6+ Kd6 25. Be7+ Rxe7 26. Qxh6 Qd5 27. Qf4+ Kd7 28. f3 Rf7 29. Qh6 Rxf3 30. Qh7+ Kd6 31. Re4 Re3 32. Re1 Rxe1+ 0-1


[Site "https://www.chess.com"]

[Event "Titled Tuesday Blitz August 16 Early 2022"]
[White "Siniauski, Artsiom"]
[Black "Fawzy, Adham"]
[WhiteFideId "13512269"]
[BlackFideId "10613129"]
[WhiteElo "2139"]
[BlackElo "2541"]
[Result "0-1"]
[Round "05"]
[TimeControl "180+1"]
[Date "2022.08.16"]
[WhiteClock "0:00:06"]
[BlackClock "0:01:14"]

1. e4 c5 2. Nf3 Nc6 3. Bb5 g6 4. Bxc6 dxc6 5. d3 Bg7 6. h3 Nf6 7. Nc3 Nd7 8. Be3 e5 9. Qd2 h6 10. O-O b6 11. Nh2 Nf8 12. f4 exf4 13. Bxf4 Ne6 14. Be3 c4 15. e5 cxd3 16. cxd3 Ba6 17. Rad1 h5 18. Nf3 O-O 19. Ne4 Qd5 20. Bh6 Rad8 21. Nf6+ Bxf6 22. Bxf8 Bh8 23. Bd6 Nd4 24. Qe3 Nf5 25. Qg5 Rd7 26. Ba3 c5 27. Rfe1 Bg7 28. e6 fxe6 29. Qxg6 Bxd3 30. Ng5 Nh4 31. Qh7+ Bxh7 32. Rxd5 exd5 33. Nxh7 Kxh7 34. b3 Bd4+ 35. Kh2 Rg7 36. Re2 Rxg2+ 37. Rxg2 Nxg2 38. Kxg2 Kg6 39. Bc1 Kf5 40. Kf3 Be5 41. Bh6 b5 42. Bd2 c4 43. bxc4 bxc4 44. Bb4 d4 45. Bc5 a6 46. Ke2 Ke4 47. Be7 d3+ 48. Kd1 Bf4 49. Bb4 Be5 50. Kd2 Bd4 51. a4 Be3+ 52. Kc3 d2 53. Kc2 d1=Q+ 54. Kxd1 Kd3 55. Ba3 c3 56. Ke1 c2 57. Kf1 c1=Q+ 58. Bxc1 Bxc1 59. Kf2 h4 60. Kf3 Bg5 61. Kg4 Bd8 62. Kf5 Kc4 63. Kg4 Kb4 0-1


[Site "https://www.chess.com"]

[Event "Titled Tuesday Blitz August 16 Early 2022"]
[White "Sirosh, Ilja"]
[Black "Daianu, Cristian-Clement"]
[WhiteFideId "4500458"]
[BlackFideId "1208926"]
[WhiteElo "2255"]
[BlackElo "2127"]
[Result "1-0"]
[Round "05"]
[TimeControl "180+2"]
[Date "2022.08.18"]
[WhiteClock "0:00:00"]
[BlackClock "0:00:00"]

1. e4 c5 2. Nf3 d6 3. d4 cxd4 4. Nxd4 Nf6 5. Nc3 a6 6. Bc4 Nbd7 7. O-O Nc5 8. Re1 e6 9. b4 b5 10. Ncxb5 axb5 11. Bxb5+ Ncd7 12. a4 Qc7 13. c4 Be7 14. Nc6 Bb7 15. Nxe7 Kxe7 16. f3 Rhd8 17. Bf4 e5 18. Be3 Bc6 19. Qd3 Bxb5 20. cxb5 Nf8 21. Rec1 Qb7 22. a5 Ne6 23. a6 Qd7 24. b6 d5 25. b7 Rab8 26. Bc5+ Nxc5 27. bxc5 Qc6 28. exd5 Rxd5 29. Qe3 Nd7 30. a7 Qxb7 31. axb8=Q Nxb8 32. Rab1 Qc7 33. h3 Nc6 34. Kh1 f6 35. Qe4 g6 36. Qxd5 1-0


[Site "https://www.chess.com"]